Map: Ruins of Seras

Players

Tavo - Winner!

  • Race: Protoss Protoss

wabbajack

  • Race: Terran Terran
  • League: Grandmaster

VOD

Have the link to the VOD?

Description

Time

  • Played on: July 14, 2015, 5:58 p.m.
  • Length: 4:30
Show
View Real Time Build Order
Export as new Build Order

Tavo Protoss - Winner!

Build Orders:  

Get SALT Encoding   

  12  0:01  Probe  
  13  0:14  Pylon  
  13  0:18  Probe  
  14  0:32  Gateway  
  14  0:35  Probe (Chrono Boost)  
  15  0:47  Probe (Chrono Boost)  
  16  0:50  Assimilator  
  16  0:53  Assimilator  
  16  0:57  Probe (Chrono Boost)  
  17  1:09  Probe (Chrono Boost)  
  18  1:16  Pylon  
  18  1:18  Probe (Chrono Boost)  
  19  1:21  Cybernetics Core  
  19  1:29  Probe  
  20  1:39  Gateway  
  20  1:47  Probe  
  21  1:57  Warp Gate (Chrono Boost)  
  21  1:58  Adept  
  21  2:00  Mothership Core  
  25  2:07  Pylon  
  25  2:21  Probe  
  26  2:28  Adept x2  
  30  2:36  Probe  
  30  2:56  Nexus  
  30  3:07  Adept  
  32  3:13  Adept  
  32  3:16  Probe  
  35  3:43  Probe  
  35  3:47  Robotics Facility  
  35  3:48  Pylon  
  36  3:55  Probe  
  37  4:07  Probe  
  37  4:09  Gateway  
  38  4:21  Gateway  
Show
View Real Time Build Order
Export as new Build Order

wabbajack Terran 

Build Orders:  

Get SALT Encoding   

  12  0:01  SCV  
  13  0:13  SCV  
  14  0:20  Supply Depot  
  14  0:25  SCV  
  15  0:42  SCV  
  16  0:45  Barracks  
  16  0:52  Refinery  
  16  0:54  SCV  
  17  1:06  SCV  
  18  1:18  SCV  
  19  1:30  SCV  
  20  1:33  Command Center  
  20  1:36  Marine  
  21  1:47  Orbital Command  
  21  2:08  Supply Depot  
  21  2:22  Barracks  
  21  2:33  Barracks Tech Lab  
  21  2:43  Supply Depot  
  21  2:48  SCV  
  22  2:52  Orbital Command  
  22  2:55  Marine  
  23  3:00  SCV  
  24  3:11  Barracks x2  
  23  3:12  Marine  
  24  3:24  SCV  
  25  3:28  SCV  
  26  3:36  SCV  
  26  3:40  SCV  
  27  3:43  Marauder  
  27  3:44  Marine  
  30  4:01  Marine  
  30  4:02  Marine x2  
Tags
 
Add a new tag
Caveats
  • Supply blocks, unpowered buildings, or Contaminate may cause inaccurate times.
  • Supply counts are checked every 10 seconds.